 Dungeon Crawl Stone Soup version 0.27-a0-1101-ge311f74bc8 (webtiles) character file.

Game seed: 6533673434731492206

30 siradein the Slasher (level 3, 0/31 HPs)
             Began as a Minotaur Fighter on Apr 28, 2021.
             Slain by Sigmund
             ... wielding a +2 scythe of distortion
              (8 damage)
             ... on level 2 of the Dungeon.
             The game lasted 00:02:32 (1569 turns).

siradein the Slasher (Minotaur Fighter)             Turns: 1569, Time: 00:02:33

Health: 0/31       AC:  6    Str: 21    XL:     3   Next: 5%
Magic:  2/2        EV:  7    Int:  5    God:
Gold:   40         SH:  0    Dex:  9    Spells: 2/2 levels left

rFire    . . .     SeeInvis .   e - +2 short sword (venom)
rCold    . . .     Faith    .   c - +0 kite shield
rNeg     . . .     Spirit   .   b - +0 scale mail
rPois    .         Reflect  .   (helmet restricted)
rElec    .         Harm     .   (no cloak)
rCorr    .         Rampage  .   (no gloves)
Will     .....                  (no boots)
Stlth    ..........             (no amulet)
HPRegen  0.10/turn              (no ring)
MPRegen  0.08/turn              (no ring)

@: confused
A: horns 2, retaliatory headbutt
a: no special abilities


You were on level 2 of the Dungeon.
You visited 1 branch of the dungeon, and saw 3 of its levels.

You collected 40 gold pieces.

Inventory:

Hand Weapons
 a - a +0 long sword
 e - a +2 short sword of venom (weapon)
Armour
 b - a +0 scale mail (worn)
 c - a +0 kite shield (worn)
Potions
 d - a potion of might
 f - 2 potions of haste {unknown}


   Skills:
 - Level 3.6 Fighting
 + Level 4.3 Long Blades
 - Level 3.6 Armour
 - Level 3.6 Shields


You had 2 spell levels left.
You didn't know any spells.
Your spell library was empty.

Dungeon Overview and Level Annotations

Branches:
Dungeon (3/15)

Altars:

Shops:
D:1 (

Annotations:
D:2 Sigmund


Innate Abilities, Weirdness & Mutations

You have a pair of horns on your head.
You reflexively headbutt those who attack you in melee.


Message History

You are confused.
You feel less confused. You block something's attack.
Sigmund appears from thin air!
Reactivating autopickup.
Sigmund gestures at himself while chanting.
Sigmund flickers and vanishes!
Deactivating autopickup; reactivate with Ctrl-A.
There is a stone staircase leading down here.
A magic dart appears from out of thin air!
The magic dart hits you.
* * * LOW HITPOINT WARNING * * *
You climb downwards.
Reactivating autopickup.
There is a stone staircase leading up here.
You start resting.
HP restored.
You climb upwards.
Level annotation: Sigmund
There is a stone staircase leading down here.
You block Sigmund's attack.
You closely miss Sigmund. Sigmund casts a spell at you.
You are confused.
You're too confused to move!
Sigmund barely misses you.
You hit Sigmund.
Sigmund is poisoned.
Your headbutt misses Sigmund.
Sigmund is lightly wounded.
Sigmund casts a spell at you.
You are more confused.
You're too confused to move!
Sigmund closely misses you.
You barely miss Sigmund. Your headbutt misses Sigmund.
Sigmund is moderately wounded.
Sigmund hits you with a +2 scythe of distortion.
Space warps horribly around you!
Sigmund hits you from afar with a +2 scythe of distortion.
Space bends around you.
* * * LOW HITPOINT WARNING * * *
There is a stone staircase leading down here.
Sigmund hits you from afar with a +2 scythe of distortion!
You die...

#.# #..........#
#.#########..........#
#.##.................#
#.##..........######## .....#
#.##..........## .....#
#.##...........####### .....#
#.##...........##....# .....##
#.#.....#.#..#.##....# .......
#.#.....#.#.....@....# .......
#.#.....#.##.#.##....##.......
#.#.....#.##.#...@>...'.......
#.#.....#.##.#####.####.......
#.#.....#(##.#...#.### .......
#.#...†.#.##.#.{.....+ .......
#.#.....#.##.#†....### .......
..+.....'.#........# .......
#.#.....###..##....### .......


You could see Sigmund (poisoned).

Vanquished Creatures
  A gnoll (D:1)
  A worm (D:2)
  3 bats
  An endoplasm (D:1)
  A giant cockroach (D:2)
  A hobgoblin (D:1)
  5 kobolds (D:1)
  3 goblins (D:1)
  2 rats (D:1)
18 creatures vanquished.

Notes
Turn   | Place    | Note
-------+----------+-------------------------------------------
     0 | D:1      | siradein the Minotaur Fighter began the quest for the Orb.
     0 | D:1      | Reached XP level 1. HP: 19/19 MP: 0/0
    25 | D:1      | Reached skill level 3 in Long Blades
   401 | D:1      | Reached XP level 2. HP: 26/26 MP: 1/1
   690 | D:1      | Found Ruogheffu's Antique Weapon Shop.
   879 | D:1      | Found a faded altar of an unknown god.
   918 | D:1      | Reached skill level 4 in Long Blades
  1145 | D:2      | Reached XP level 3. HP: 25/31 MP: 2/2
  1246 | D:2      | Noticed Sigmund
  1569 | D:2      | Slain by Sigmund

Illustrated notes

Levels and vault maps discovered:
D:1:      co_arrival_square_in_a_square_in_a_square, layout_basic,
          hellmonk_ecumenical_altar_leap_of_faith, serial_shops,
          nicolae_shop_waterfront
D:2:      layout_basic, uniq_sigmund
D:3:      layout_basic, hangedman_decor_riveting, minmay_misc_feat_square,
          kennysheep_big_empty_room

Skill      XL: |  1  2 |
---------------+-------+-----
Long Blades    | 3 4 |  4.3
Fighting       | |  3.6
Armour         | |  3.6
Shields        | |  3.6

Action                   || total
-------------------------++-------
Melee: Long sword        ||    21
       Short sword       ||    20
       Headbutt          ||     1
Armor: Scale mail        ||    16
Dodge: Dodged            ||    23
Block: Kite shield       ||    23
       Rpst.: Long sword ||     3

Table legend: (Time is in decaauts)
 A = Elapsed time spent in this place.
 B = Non-inter-level travel time spent in this place.
 C = Inter-level travel time spent in this place.
 D = Time resting spent in this place.
 E = Time spent auto-exploring this place.
 F = Levels seen in this place.
 G = Mean time per level.
                   A        B        C        D        E       F      G
               +--------+--------+--------+--------+--------+-----+--------+
         Total |   1582 |   1555 |     27 |    333 |   1051 |   3 |  527.3 |
       Dungeon |   1582 |   1555 |     27 |    333 |   1051 |   3 |  527.3 |
               +--------+--------+--------+--------+--------+-----+--------+

Top non-repeatable levels by time:
     D:1: 1115 daAuts
     D:3: 260 daAuts
     D:2: 206 daAuts
